 Dungeon Crawl Stone Soup version 0.29-a0-187-ga23d9638d5 (webtiles) character file.

Game seed: 8955109243158723597

13113 Zeldest the Prestidigitator (level 11, -5/142 HPs)
             Began as a Deep Dwarf Chaos Knight on Feb 21, 2022.
             Was a Priest of Makhleb.
             Slain by a skeletal warrior (15 damage)
             ... led by a skeletal warrior
             ... on level 11 of the Dungeon.
             The game lasted 00:19:19 (8339 turns).

Zeldest the Prestidigitator (DDCK)                  Turns: 8339, Time: 00:19:19

Health: -5/142     AC: 13    Str: 18 (20) XL:     11   Next: 71%
Magic:  2/2        EV:  7    Int: 12 (13) God:    Makhleb [***...]
Gold:   804        SH:  0    Dex: 11 (12) Spells: 10/10 levels left

rFire   . . .      SeeInvis +   K - +1 war axe
rCold   . . .      Faith    .   (no shield)
rNeg    + . .      Spirit   .   p - +0 chain mail
rPois   .          Reflect  .   y - +1 helmet
rElec   .          Harm     .   q - +0 cloak
rCorr   .          Rampage  .   x - +0 pair of gloves
Will    +....                   (no boots)
Stlth   ..........              (no amulet)
HPRegen 0.00/turn               c - ring of see invisible
MPRegen 0.08/turn               t - ring of positive energy

@: berserking, invisible, very quick
A: damage resistance, heal wounds, sense surroundings 2, no regeneration, hooves
1, deterioration 1, frail 1
a: Heal Wounds, Renounce Religion, Minor Destruction, Lesser Servant of Makhleb


You were on level 11 of the Dungeon.
You worshipped Makhleb.
Makhleb was most pleased with you.
You visited 3 branches of the dungeon, and saw 13 of its levels.
You also visited: Sewer and Ossuary.

You collected 804 gold pieces.

Inventory:

Hand Weapons
 a - a +0 hand axe of chaos
 K - a +1 war axe (weapon)
 O - a +3 scimitar of flaming
Armour
 b - a +2 leather armour
 p - a +0 chain mail (worn)
 q - a +0 cloak (worn)
 x - a +0 pair of gloves (worn)
 y - a +1 helmet (worn)
Jewellery
 c - a ring of see invisible (left hand)
 e - a ring of flight
 t - a ring of positive energy (right hand)
 L - a ring of ice
Wands
 I - a wand of flame (19)
 M - a wand of polymorph (10)
Scrolls
 f - 3 scrolls of noise
 j - a scroll of enchant armour
 l - 2 scrolls of fog
 n - 3 scrolls of amnesia
 r - 4 scrolls of teleportation
 u - 2 scrolls of summoning
 w - 3 scrolls of immolation
 A - 2 scrolls of holy word
 C - a scroll of vulnerability
 G - 2 scrolls of brand weapon
 H - 2 scrolls of torment
Potions
 g - 2 potions of lignification
 h - a potion of ambrosia {unknown}
 i - a potion of magic {unknown}
 k - 3 potions of brilliance
 m - 2 potions of curing
 o - 3 potions of flight
 v - 2 potions of resistance
 z - a potion of mutation
 B - a potion of attraction {unknown}
 D - a potion of invisibility
 E - a potion of haste {unknown}
Miscellaneous
 F - a lightning rod (inert)


   Skills:
 + Level 9.2 Fighting
 + Level 12.0 Axes
 - Level 2.1 Armour
 - Level 1.1 Dodging
 + Level 10.8 Invocations
 + Level 12.2 Evocations


You had 10 spell levels left.
You didn't know any spells.
Your spell library contained the following spells:

 Spells                   Type           Power      Damage    Failure   Level
 Magic Dart               Conj           0%         1d3       99%         1
 Sandblast                Erth           0%         2d4       99%         1
 Call Imp                 Summ           0%         N/A       100%        2
 Ensorcelled Hibernation  Hex/Ice        0%         N/A       100%        2
 Passwall                 Tmut/Erth      0%         N/A       100%        2
 Mephitic Cloud           Conj/Pois/Air  0%         N/A       100%        3
 Stone Arrow              Conj/Erth      0%         3d7       100%        3
 Swiftness                Air            0%         N/A       100%        3


Dungeon Overview and Level Annotations

Branches:
Dungeon (11/15)            Temple (1/1) D:6            Lair (1/6) D:8
  Sewer (visited)         Ossuary (visited)
    Orc: D:9-12

Altars:
Ashenzari
Elyvilon
Fedhas
Hepliaklqana
Makhleb
Nemelex Xobeh
Qazlal
Trog
Uskayaw
Xom
Zin

Shops:
D:2 [   D:3 :   D:10 *?[([


Innate Abilities, Weirdness & Mutations

You are resistant to damage.
You can heal yourself by infusing magical energy.
You passively map the area around you.
You do not regenerate.
You have large cloven feet.
Your body sometimes deteriorates upon taking damage.
You are frail. (-10% HP)


Message History

The skeletal warrior is moderately damaged.
You hit the skeletal warrior but do no damage.
An unseen horror comes into view.
The skeletal warrior hits your neqoxec with a +0 halberd!
Your neqoxec hits the skeletal warrior!
The skeletal warrior hits you with a +0 dire flail!
The skeletal warrior hits you with a +0 halberd.
The skeletal warrior hits you with a +0 halberd!
The unseen horror barely misses you.
Your neqoxec barely misses the skeletal warrior.
The skeletal warrior hits your neqoxec with a +0 dire flail!!
Your neqoxec dies!
Your neqoxec disappears in a puff of smoke!
A red film seems to cover your vision as you go berserk!
You feel yourself moving faster!
You feel mighty! The unseen horror hits you!
The skeletal warrior hits you with a +0 halberd!!
* * * LOW HITPOINT WARNING * * *
You barely miss the unseen horror.
You kick the unseen horror, but do no damage.
You hit the skeletal warrior. You barely miss the skeletal warrior.
The unseen horror hits you!
* * * LOW HITPOINT WARNING * * *
The skeletal warrior hits you with a +0 halberd!
* * * LOW HITPOINT WARNING * * *
You hit the unseen horror.
The unseen horror is lightly wounded.
You barely miss the skeletal warrior. You slash the skeletal warrior!
The unseen horror hits you but does no damage.
You hit the skeletal warrior.
The skeletal warrior is heavily damaged.
You closely miss the skeletal warrior. You slash the skeletal warrior!
The skeletal warrior hits you with a +0 halberd!
* * * LOW HITPOINT WARNING * * *
You closely miss the skeletal warrior.
The skeletal warrior is heavily damaged.
You barely miss the skeletal warrior. You slash the unseen horror!
You barely miss the skeletal warrior. The unseen horror hits you.
* * * LOW HITPOINT WARNING * * *
The skeletal warrior hits you with a +0 halberd!
You die...

≈≈≈≈≈.....#.#..*
#..#.#
≈≈≈≈#####.#.##.##
#..#.# #... ...,
#..#.# ..####.##
#..#.# ,,
..?......# #..#.#
* * #...###..#
#..#<# #.....$).#
#..####### * *
###....zx#
#........# ,
,,,......#z@#
#.######.#
###...#z.#
#.######.# #.#
##.# #........###
#. ,#.#
#.#........# ^ *#
#.. #.#.######.#
, ,,, , ,...
..#.# #.# * , ,
,.#..#.#.# #.# ,
, , , ,,.,..#.#.#
#.# , , ,.. ..#.#
#.#


You could see 3 skeletal warriors and an unseen horror (invisible).

Vanquished Creatures
  Josephine (D:10)
  A boulder beetle (D:11)
  Erolcha (D:9)
  Erica (D:10)
  2 two-headed ogres (D:11)
  A glowing orange brain (D:8)
  An ugly thing (D:10)
  Joseph (D:10)
  A komodo dragon (D:8)
  A troll (D:9)
  Prince Ribbit (D:7)
  A hornet (D:10)
  A water elemental (D:10)
  A shadow (D:8)
  4 wraiths
  Sigmund (D:2)
  9 yaks
  A vampire (D:10)
  A wyvern (D:8)
  Eustachio (D:5)
  A steam dragon (D:4)
  Menkaure (D:7)
  7 water moccasins
  3 ice beasts
  A hornet zombie (D:6)
  A sky beast (D:6)
  3 black bears
  A necrophage (D:8)
  3 centaurs
  A phantom (D:5)
  7 kobold brigands
  7 bullfrogs
  2 scorpions
  A water moccasin skeleton (D:5)
  9 killer bees
  An electric eel (D:11)
  3 howler monkeys
  2 centaur zombies
  A hound (D:5)
  4 jellies
  Crazy Yiuf (D:5)
  3 orc priests
  2 gnoll shamans
  2 centaur skeletons
  5 iguanas
  3 orc wizards
  A hound zombie (D:5)
  3 mummies
  14 gnolls
  A howler monkey skeleton (D:7)
  3 river rats (Sewer)
  6 adders
  A shadow imp (D:8)
  4 white imps
  An adder skeleton (D:4)
  3 worms (Sewer)
  2 dart slugs
  10 orcs
  5 ball pythons
  8 endoplasms
  3 giant cockroaches
  2 gnoll zombies (Ossuary)
  5 goblins
  2 hobgoblins
  2 quokkas
  7 bats
  2 frilled lizards (D:3)
  4 goblin zombies (Ossuary)
  5 hobgoblin zombies (Ossuary)
  26 kobolds
  2 kobold zombies (D:6)
  3 orc zombies (Ossuary)
  6 rats
238 creatures vanquished.

Vanquished Creatures (others)
  A kobold (D:4)
  41 fungi (D:8)
  52 plants (D:8)
94 creatures vanquished.

Grand Total: 332 creatures vanquished

Notes
Turn   | Place    | Note
-------+----------+-------------------------------------------
     0 | D:1      | Zeldest the Deep Dwarf Chaos Knight began the quest for the
                  | Orb.
     0 | D:1      | Reached XP level 1. HP: 20/20 MP: 1/1
   131 | D:1      | XOM: silly message
   238 | D:1      | XOM: 1-stop teleportation journey
   256 | D:1      | Reached XP level 2. HP: 25/27 MP: 2/2
   260 | D:1      | Reached skill level 1 in Evocations
   328 | D:1      | XOM: 3-stop teleportation journey
   406 | D:2      | XOM: enchant monster (bad)
   425 | D:2      | Found Degys's Antique Armour Boutique.
   455 | D:2      | Noticed Sigmund
   478 | D:2      | Killed Sigmund
   479 | D:2      | Reached skill level 5 in Axes
   479 | D:2      | Reached XP level 3. HP: 34/34 MP: 3/3
   479 | D:2      | Reached XP level 4. HP: 42/42 MP: 4/4
   479 | D:2      | Reached XP level 5. HP: 49/49 MP: 5/5
  1219 | D:3      | Found a glowing silver altar of Zin.
  1542 | D:3      | Found Karu's Book Emporium.
  1671 | D:3      | Reached XP level 6. HP: 57/57 MP: 6/6
  1930 | D:4      | Noticed a steam dragon
  1942 | D:4      | Killed a steam dragon
  1981 | D:4      | XOM: silly message
  2299 | D:5      | Entered Level 5 of the Dungeon
  2310 | D:5      | Noticed a water moccasin
  2316 | D:5      | Reached XP level 7. HP: 52/64 MP: 7/7
  2534 | D:5      | XOM: noise
  2550 | D:5      | Reached skill level 5 in Evocations
  2593 | D:5      | XOM: divination: detect creatures
  2601 | D:5      | XOM: potion effect (brilliance)
  2628 | D:5      | XOM: cloud trail
  2653 | D:5      | Found a glowing drain.
  2670 | Sewer    | Entered a sewer
  2770 | Sewer    | XOM: cloud trail
  2903 | Sewer    | XOM: 3-stop teleportation journey
  2919 | Sewer    | Reached skill level 5 in Fighting
  2919 | Sewer    | Reached XP level 8. HP: 57/74 MP: 7/7
  3084 | D:5      | Noticed Eustachio
  3086 | D:5      | XOM: god gift: lightning rod (4/4)
  3101 | D:5      | Killed Eustachio
  3101 | D:5      | XOM: summons friendly crimson imp
  3102 | D:5      | Reached skill level 1 in Invocations
  3308 | D:5      | XOM: give mutations
  3308 | D:5      | Gained mutation: You are frail. (-10% HP) [Xom's mischief]
  3308 | D:5      | Gained mutation: You are very frail. (-20% HP) [Xom's
                  | mischief]
  3308 | D:5      | Gained mutation: You have large cloven feet. [Xom's
                  | mischief]
  3589 | D:5      | XOM: silly message
  3608 | D:5      | Found a runed translucent door.
  3609 | D:5      | Noticed Crazy Yiuf
  3628 | D:5      | XOM: give mutations
  3628 | D:5      | Lost mutation: You are very frail. (-20% HP) [Xom's
                  | mischief]
  3628 | D:5      | Gained mutation: Your body sometimes deteriorates upon
                  | taking damage. [Xom's mischief]
  3659 | D:5      | XOM: noise
  3688 | D:5      | XOM: summons 3 hostile demons
  3689 | D:5      | Noticed a soul eater
  3703 | D:5      | Killed Crazy Yiuf
  3802 | D:6      | Found a white marble altar of Elyvilon.
  3919 | D:6      | XOM: 1-stop teleportation journey
  4051 | D:6      | Found a sand-covered staircase.
  4066 | D:6      | XOM: potion effect (heal wounds)
  4072 | Ossuary  | Entered an ossuary
  4268 | D:6      | Found a staircase to the Ecumenical Temple.
  4290 | D:6      | Found a blossoming altar of Fedhas.
  4290 | D:6      | XOM: 1-stop teleportation journey
  4309 | Temple   | Entered the Ecumenical Temple
  4357 | Temple   | Fell from the grace of Xom
  4357 | Temple   | Became a worshipper of Makhleb the Destroyer
  4425 | D:6      | Gained mutation: You passively map the area around you.
                  | [Deep Dwarf growth]
  4425 | D:6      | Reached XP level 9. HP: 60/73 MP: 5/5
  4840 | D:6      | Found a shimmering altar of Xom.
  4958 | D:7      | Reached skill level 5 in Invocations
  5006 | D:7      | Noticed Prince Ribbit
  5055 | D:7      | Killed Prince Ribbit
  5121 | D:7      | Reached * piety under Makhleb
  5176 | D:7      | XOM: summons 5 hostile demons
  5215 | D:7      | Noticed Menkaure
  5217 | D:7      | Killed Menkaure
  5507 | D:8      | Reached skill level 10 in Axes
  5516 | D:8      | Reached XP level 10. HP: 36/84 MP: 5/5
  5611 | D:8      | Noticed a two-headed ogre
  5801 | D:8      | Noticed a glowing orange brain
  5801 | D:8      | a two-headed ogre changed into a glowing orange brain
  5809 | D:8      | Killed a glowing orange brain
  5810 | D:8      | Reached skill level 10 in Evocations
  6013 | D:8      | Found a hide-covered altar of Uskayaw.
  6018 | D:8      | Found a hazy altar of Hepliaklqana.
  6019 | D:8      | Found a stormy altar of Qazlal.
  6078 | D:8      | Reached ** piety under Makhleb
  6124 | D:8      | Found a staircase to the Lair.
  6384 | D:9      | XOM: stat loss: -2 Str (18/20)
  6399 | D:9      | XOM: 2-stop teleportation journey
  6419 | D:9      | Noticed Erolcha
  6433 | D:9      | Killed Erolcha
  6434 | D:9      | Reached XP level 11. HP: 48/93 MP: 2/4
  6740 | D:9      | Found a sparkling altar of Nemelex Xobeh.
  6953 | D:10     | Entered Level 10 of the Dungeon
  6958 | D:10     | Paralysed by a hornet for 3 turns
  7006 | D:10     | XOM: 1-stop teleportation journey
  7128 | D:10     | Noticed Joseph
  7148 | D:10     | Killed Joseph
  7158 | D:10     | Found Zaeblut's Antique Armour Emporium.
  7165 | D:10     | Found Mebb's Magic Scroll Emporium.
  7171 | D:10     | Noticed Josephine
  7189 | D:10     | Noticed a purple ugly thing
  7197 | D:10     | Killed Josephine
  7197 | D:10     | Killed a purple ugly thing
  7198 | D:10     | Reached skill level 10 in Invocations
  7228 | D:10     | Found Veneol's Antique Armour Boutique.
  7365 | D:10     | Found Pofingikk's Antique Weapon Shoppe.
  7391 | D:10     | Reached *** piety under Makhleb
  7439 | D:10     | Found a bloodstained altar of Trog.
  7582 | D:10     | Noticed Erica
  7598 | D:10     | Killed Erica
  7638 | D:10     | Found Rilojaepn's General Store.
  7977 | Lair:1   | Entered Level 1 of the Lair of Beasts
  7977 | Lair:1   | Noticed a seven-headed hydra
  8129 | D:10     | HP: 1/93 [drowned by a water elemental (8)]
  8140 | D:11     | Noticed a boulder beetle
  8156 | D:11     | Killed a boulder beetle
  8162 | D:11     | Noticed a two-headed ogre
  8169 | D:11     | Killed a two-headed ogre
  8313 | D:11     | Noticed a two-headed ogre
  8313 | D:11     | XOM: 1-stop teleportation journey
  8316 | D:11     | Noticed a skeletal warrior
  8318 | D:11     | Noticed a skeletal warrior
  8320 | D:11     | Killed a two-headed ogre
  8329 | D:11     | Noticed a skeletal warrior
  8339 | D:11     | Slain by a skeletal warrior

Illustrated notes

Levels and vault maps discovered:
D:1:      dpeg_arrival_solitude, layout_basic,
          shapermc_ecumenical_altar_hornbeckon
D:2:      layout_basic, serial_shops, nicolae_shop_advertising_works
          [nicolae_subvault_shop_adworks], minmay_statues_item, uniq_sigmund
D:3:      layout_loops_ring, mainiacjoe_overflow_concentric_impassable,
          serial_shops, nicolae_shop_waterfront, minmay_box_of_dots
D:4:      layout_cave_pools
D:5:      layout_loops_corners, portal_sewer_entry_f, minmay_holes,
          minmay_crossroads, uniq_crazy_yiuf_cottage, uniq_eustachio
D:6:      layout_loops_ring, dk_xom_monty_hall, fedhas_altar_1,
          elyvilon_altar_5, minmay_temple_entry_offerings,
          nicolae_ossuary_entry_giza, hex_medium
D:7:      layout_basic, uniq_menkaure, uniq_prince_ribbit1
D:8:      layout_layer_cave, minitemple, due_lair_maze_entry_diamond
D:9:      layout_basic, mainiacjoe_overflow_paths,
          chequers_serial_rivers_room_a, uniq_erolcha
D:10:     layout_basic, lightli_temple_of_fire, serial_shops, shop, shop,
          nicolae_square_shop, kennysheep_mini, nicolae_stop_n_shop_2,
          uniq_josephine, uniq_erica, uniq_joseph
D:11:     layout_basic, serial_shops, nicolae_diamond_shop, shop,
          nicolae_take_the_stairs, doesnt_shop_hydraphobe
Temple:   nicolae_temple_figure_eight
Lair:1:   layout_long_grid

Skill      XL: |  1  2  3  4  5  6  7  8  9 10 11 |
---------------+----------------------------------+-----
Evocations     | 3 4 5 7 9 11 12 | 12.2
Fighting       | 3 4 5 6 7 8 9 |  9.2
Axes           | 5 6 7 8 10 11 12 | 12.0
Invocations    | 4 7 9 10 | 10.8
Armour         | |  2.1
Dodging        | |  1.1

Action                   |  1- 3 |  4- 6 |  7- 9 | 10-12 || total
-------------------------+-------+-------+-------+-------++-------
Melee: Hand axe          |    40 |   104 |   436 |       ||   580
       Punch             |     1 |       |     4 |     6 ||    11
       Kick              |       |       |    94 |   107 ||   201
       War axe           |       |       |   153 |   328 ||   481
Invok: Lesser Servant of |       |       |       |     1 ||     1
 Abil: Heal Wounds       |       |     3 |    34 |    24 ||    61
Evoke: Wand              |       |     2 |     5 |    21 ||    28
       Lightning rod     |       |       |     8 |     8 ||    16
  Use: Scroll            |       |       |    12 |    10 ||    22
       Potion            |       |       |     1 |    10 ||    11
 Stab: Paralysed         |     1 |     5 |     4 |       ||    10
       Sleeping          |     1 |       |       |       ||     1
       Petrified         |       |       |     3 |       ||     3
       Invisible         |       |       |       |     2 ||     2
Armor: Leather armour    |    20 |    27 |       |       ||    47
       Chain mail        |       |    21 |   323 |   225 ||   569
Dodge: Dodged            |    13 |    45 |   210 |   161 ||   429

Table legend: (Time is in decaauts)
 A = Elapsed time spent in this place.
 B = Non-inter-level travel time spent in this place.
 C = Inter-level travel time spent in this place.
 D = Time resting spent in this place.
 E = Time spent auto-exploring this place.
 F = Levels seen in this place.
 G = Mean time per level.
                   A        B        C        D        E       F      G
               +--------+--------+--------+--------+--------+-----+--------+
         Total |   8428 |   7648 |    780 |      0 |   5400 |  15 |  561.9 |
       Dungeon |   7787 |   7018 |    769 |      0 |   5140 |  11 |  707.9 |
        Temple |     58 |     48 |     10 |      0 |     42 |   1 |   58.0 |
          Lair |      1 |      1 |      0 |      0 |      0 |   1 |    1.0 |
         Sewer |    468 |    468 |      0 |      0 |    173 |   1 |  468.0 |
       Ossuary |    111 |    111 |      0 |      0 |     45 |   1 |  111.0 |
               +--------+--------+--------+--------+--------+-----+--------+

Top non-repeatable levels by time:
     D:5: 1139 daAuts
    D:10: 1025 daAuts
     D:6: 904 daAuts
     D:8: 899 daAuts
     D:3: 723 daAuts
     D:9: 707 daAuts
     D:2: 690 daAuts
     D:7: 594 daAuts
     D:4: 483 daAuts
   Sewer: 468 daAuts
     D:1: 406 daAuts
    D:11: 213 daAuts
 Ossuary: 111 daAuts
  Temple: 58 daAuts
  Lair:1: 1 daAuts
